 Dungeon Crawl Stone Soup version 0.17-a0-1093-g0b3cd89 (webtiles) character file.

49 Hanyuu the Insei (level 3, -8/23 HPs)
             Began as an Octopode Transmuter on May 20, 2015.
             Mangled by Terence
             ... wielding a +2 flail of holy wrath
              (10 damage)
             ... on level 2 of the Dungeon.
             The game lasted 00:03:04 (1324 turns).

Hanyuu the Insei (Octopode Transmuter)              Turns: 1324, Time: 00:03:05

Health: -8/23      AC:  1    Str:  9    XL:     3   Next: 77%
Magic:  6/6        EV: 12    Int: 16    God:
Gold:   34         SH:  0    Dex: 12    Spells: 1 memorised, 5 levels left

rFire  . . .     SeeInvis .       - Unarmed
rCold  . . .     Clarity  .     (no shield)
rNeg   . . .     SustAb   .     (helmet restricted)
rPois  .         Gourm    .     (no amulet)
rElec  .         Spirit   .     (no ring)
rCorr  .         Warding  .     (no ring)
rMut   .         Stasis   .     (no ring)
MR     .....                    (no ring)
Stlth  ++........               (no ring)
                                (no ring)
                                (no ring)
                                (no ring)

@: not resistant to hostile enchantments, unstealthy
A: almost no armour, amphibious, 8 rings, constrict 8, camouflage 1, gelatinous
body 1
a: no special abilities


You were on level 2 of the Dungeon.
You were not hungry.

You visited 1 branch of the dungeon, and saw 2 of its levels.

You collected 34 gold pieces.

Inventory:

Missiles
 a - 35 arrows
 i - 15 sling bullets
Scrolls
 e - a scroll of remove curse {unknown}
 j - 2 scrolls of identify {unknown}
 k - a scroll of random uselessness {unknown}
 l - a scroll of enchant armour {unknown}
 n - 2 scrolls of amnesia {unknown}
Potions
 d - a potion of resistance {unknown}
 f - 2 potions of curing {unknown}
 g - a potion of ambrosia {unknown}
 h - a potion of lignification {unknown}
Books
 b - a book of Changes

   Spells                             Type                      Level
   a - Beastly Appendage              Transmutation                1
   b - Sticks to Snakes               Transmutation                2
   c - Spider Form                    Transmutation/Poison         3
   d - Ice Form                       Ice/Transmutation            4
   e - Blade Hands                    Transmutation                5
Comestibles
 c - 3 bread rations
 m - 6 chunks of flesh


   Skills:
 + Level 1.5 Fighting
 - Level 2.0 Dodging
 + Level 4.4 Unarmed Combat
 - Level 2.0 Spellcasting
 - Level 2.0 Transmutations


You had 5 spell levels left.
You knew the following spells:

 Your Spells              Type           Power        Failure   Level  Hunger
a - Beastly Appendage     Trmt           #.....       10%         1    #......


Dungeon Overview and Level Annotations

Branches:
Dungeon (2/15)

Altars:

Annotations:
D:2 Terence


Innate Abilities, Weirdness & Mutations

You cannot wear most types of armour.
You are amphibious.
You can wear up to eight rings at the same time.
You can use your tentacles to constrict eight enemies at once.
Your skin changes colour to match your surroundings (Stealth).
Your rubbery body absorbs attacks (AC +1).


Message History

You tentacle-slap Terence but do no damage.
Terence is moderately wounded.
You constrict Terence. Terence barely misses you.
You tentacle-slap Terence but do no damage.
Terence is heavily wounded.
You constrict Terence, but do no damage.
Terence misses you.
You tentacle-slap Terence but do no damage.
Terence is heavily wounded.
You constrict Terence. The rat barely misses you.
You tentacle-slap Terence but do no damage.
Terence is heavily wounded.
You constrict Terence. Terence closely misses you. The rat barely misses you.
You tentacle-slap Terence.
Terence is severely wounded.
You constrict Terence, but do no damage.
The rat bites you.
* * * LOW HITPOINT WARNING * * *
Terence hits you with a flail of holy wrath!
You die...

#.......#
#..#...........
#.#####.#
##...####.#####
#.#####.########.####.#
............# #......#
.#.#####.###.# ########
#.# #.# ..# #.#
#.####.### ##.[@@r..#
#..###....... #.
#.#.###.# %.#.# .....
#<# .# ... .# .<


You could see Terence and a rat.

Vanquished Creatures
  2 adders (D:2)
  6 bats
  2 giant cockroaches (D:1)
  4 goblins
  2 hobgoblins
  5 jackals
  A ball python (D:1)
  4 giant newts
  A kobold (D:1)
  5 rats
32 creatures vanquished.

Notes
Turn   | Place    | Note
--------------------------------------------------------------
     0 | D:1      | Hanyuu the Octopode Transmuter began the quest for the Orb.
     0 | D:1      | Reached XP level 1. HP: 13/13 MP: 3/3
   264 | D:1      | Reached XP level 2. HP: 13/18 MP: 5/5
   811 | D:1      | Reached skill level 4 in Unarmed Combat
  1123 | D:2      | Reached XP level 3. HP: 23/23 MP: 6/6
  1314 | D:2      | Noticed Terence
  1324 | D:2      | Mangled by Terence

Vault maps used:
D:1:      saegor_arrival_simple_b, serial_bayou_pond_a
D:2:      overflow_temple_1_default, first_bread, uniq_terence, uniq_natasha

Action                   || total
-------------------------++-------
Melee: Unarmed           ||    88
 Cast: Beastly Appendage ||     4
 Stab: Sleeping          ||     7
  Eat: Chunk             ||     1
